 Dungeon Crawl Stone Soup version 0.19-a0-1834-g6b7851e (webtiles) character file.

161 kae the Shield-Bearer (level 5, -1/42 HPs)
             Began as a Formicid Fighter on Oct 8, 2016.
             Slain by an orc warrior
             ... wielding a +0 battleaxe
              (16 damage)
             ... on level 3 of the Dungeon.
             The game lasted 00:03:02 (2369 turns).

kae the Shield-Bearer (Formicid Fighter)            Turns: 2369, Time: 00:03:02

Health: -1/42      AC: 12    Str: 27    XL:     5   Next: 70%
Magic:  5/5        EV:  7    Int:  7    God:
Gold:   150        SH: 10    Dex: 10    Spells: 0 memorised, 4 levels left

rFire  . . .     SeeInvis +     a - +0 long sword
rCold  + . .     Gourm    .     e - +3 chain mail {rC+}
rNeg   . . .     Faith    +     c - +0 shield
rPois  .         Spirit   .     (helmet unavailable)
rElec  .         Dismiss  .     (no cloak)
rCorr  .         Reflect  .     (no gloves)
MR     .....     Harm     .     (no boots)
Stlth  ..........               q - amulet of faith
                                (no ring)
                                (no ring)

@: mighty
A: permanent stasis, dig shafts and tunnels, four strong arms, antennae 3
a: Dig, Shaft Self


You were on level 3 of the Dungeon.
You were not hungry.

You visited 1 branch of the dungeon, and saw 3 of its levels.

You collected 150 gold pieces.

Inventory:

Hand Weapons
 a - a +0 long sword (weapon)
Armour
 c - a +0 shield (worn)
 e - a +3 chain mail of cold resistance (worn)
Jewellery
 q - an amulet of faith (around neck)
Scrolls
 i - 2 scrolls of teleportation {unknown}
 j - 2 scrolls of magic mapping {unknown}
 l - 4 scrolls of identify {unknown}
 n - 2 scrolls of remove curse {unknown}
 t - a scroll of blinking {unknown}
Potions
 g - a potion of curing
 h - 2 potions of berserk rage {unknown}
 k - 2 potions of degeneration {unknown}
 o - a potion of agility {unknown}
 s - a potion of magic {unknown}
Comestibles
 f - a bread ration
 m - 2 meat rations
 p - 6 fruits
 r - a slice of pizza


   Skills:
 + Level 4.2 Fighting
 * Level 4.1 Long Blades
 - Level 3.2 Armour
 + Level 4.7 Shields


You had 4 spell levels left.
You didn't know any spells.

Dungeon Overview and Level Annotations

Branches:
Dungeon (3/15)

Altars:


Innate Abilities, Weirdness & Mutations

You are under a permanent stasis effect.
You can dig through walls and to a lower floor.
Your four strong arms can wield two-handed weapons with a shield.
You have a pair of large antennae on your head. (SInv)


Message History

You are too injured to fight recklessly!
You are too injured to fight recklessly!
You are too injured to fight recklessly!
You are too injured to fight recklessly!
You are too injured to fight recklessly!
You feel very mighty all of a sudden. You block the orc warrior's attack.
You slash the orc warrior!
The orc warrior is moderately wounded.
The orc warrior hits you but does no damage.
You hit the orc warrior.
The orc warrior is moderately wounded.
You block the orc warrior's attack.
Your shield prevents you from hitting the orc warrior.
The orc warrior is moderately wounded.
The orc warrior hits you with a battleaxe!
You hit the orc warrior.
The orc warrior is moderately wounded.
The orc warrior hits you with a battleaxe!
You die...

#.#...# { +..........#. #.#...#
{ { #.##.........
#.#...#########.##.........
#.#....'.)...#..##......###
#######.#....#....)#..##....#...
.............#######.#...(......
##.######.....#.K.#...........
#.# #.....##o##......... #.#
#......#@#...##..#.. #.#
#....#.....#.# .....
#.######.####.#.....# ##..
#...............###.# #
#######.#####.### #.# #.# #.# .#
#.# #.# .# #.# #.# #.#####.#


You could see an orc warrior and a kobold.

Vanquished Creatures
  Terence (D:2)
  Robin (D:2)
  4 gnolls (D:3)
  2 adders
  An ooze (D:1)
  A worm (D:3)
  A dart slug (D:2)
  2 leopard geckos
  4 bats
  7 hobgoblins
  3 jackals (D:1)
  5 kobolds
  2 quokkas
  A ball python (D:3)
  2 frilled lizards (D:3)
  20 goblins
  3 rats
60 creatures vanquished.

Notes
Turn   | Place    | Note
-------+----------+-------------------------------------------
     0 | D:1      | kae the Formicid Fighter began the quest for the Orb.
     0 | D:1      | Reached XP level 1. HP: 18/18 MP: 1/1
    66 | D:1      | Reached XP level 2. HP: 19/24 MP: 2/2
   750 | D:1      | Reached XP level 3. HP: 28/29 MP: 3/3
  1149 | D:2      | Noticed Terence
  1174 | D:2      | Killed Terence
  1174 | D:2      | Reached XP level 4. HP: 15/37 MP: 4/4
  1401 | D:2      | Noticed Robin
  1437 | D:2      | Killed Robin
  1857 | D:3      | Reached XP level 5. HP: 42/42 MP: 5/5
  2362 | D:3      | Noticed an orc warrior
  2369 | D:3      | Slain by an orc warrior

Vault maps used:
D:1:      sevenhm_arrival_forest_fort_small_4
D:2:      lemuel_upstairs_altar, uniq_robin, uniq_terence
D:3:      minmay_divided_ellipse

Skill      XL: |  1  2  3  4  5 |
---------------+----------------+-----
Long Blades    | 3 4 |  4.1
Shields        | 4 |  4.7
Fighting       | 4 |  4.2
Armour         | |  3.2

Action                   |  1- 3 |  4- 6 || total
-------------------------+-------+-------++-------
Melee: Long sword        |    86 |   124 ||   210
 Abil: Dig               |       |     1 ||     1
  Use: Potion            |     2 |     1 ||     3
  Eat: Chunk             |     1 |     4 ||     5
Armor: Scale mail        |    18 |       ||    18
       Skin              |     1 |       ||     1
       Chain mail        |       |    62 ||    62
Dodge: Dodged            |    14 |    33 ||    47
Block: Shield            |    38 |    79 ||   117
       Rpst.: Long sword |     5 |    13 ||    18
